cohdb
Replays
Latest Replays
All Replays
Popular Replays
Top Player Replays
Match Explorer
How It Works
Community
CoH3 Stats
Reddit
Sign in to upload your games and track your stats! →
Sign in with Steam
Match 40037673
Unlisted
Match 40037673
Overview
Messages
Build Orders
End
Kradschützen Motorcycle Team
Panzergrenadier Squad
Panzergrenadier Squad
Construct Light Support Kompanie
Combat Half-tracks
Panzerpioneer Squad
2.5-tonne Medical Truck
Panzerjäger Mechanized Group
Panzerjäger Squad
Construct Mechanized Kompanie
Panzerjäger Squad
Support Armor Elements
Veteran Squad Leaders
Kradschützen Motorcycle Team
250 Light Carrier
Selects Armored Support Battlegroup
14281881640
Genki
0
0
Comments
sign in to comment!
No comments posted yet!